[Event "European Women-ch 2023"]
[Site "Petrovac"]
[Date "2023.03.18"]
[Round "1.5"]
[White "Urh, Zala"]
[Black "Makka, Ioulia"]
[Result "1-0"]
[ECO "B12"]
[WhiteElo "2294"]
[BlackElo "1949"]
[Annotator "TA"]
[PlyCount "83"]
[EventDate "2023.03.15"]
[EventType "swiss"]
[EventCountry "MNE"]
[SourceTitle "playchess.com"]
[Source "ChessBase"]
[SourceQuality "1"]
[TimeControl "40/5400+30:1800+30"]

1. e4 c6 2. d4 d5 3. e5 Bf5 4. h4 h6 5. g4 Bd7 {[%emt 0:00:35][%cal Oh6h5] Black is weak on the dark squares} 6. Be3 {[%emt 0:00:51] B12: Caro-Kann: Advance Variation.} Qc8 7. Be2 e6 8. h5 {[%emt 0:11:32] White is slightly better.} c5 9. c3 {[%emt 0:02:43] [#]} b5 $146 ({Predecessor:} 9... a6 10. Nd2 Bb5 11. Bxb5+ axb5 12. dxc5 Bxc5 13. Bxc5 Qxc5 14. Nb3 Qc4 15. Qe2 Nc6 {0-1 Klek,H (2313)-Hammer,J (2650) PRO League KO Stage rapid 2019 (2)}) 10. f4 b4 11. Nd2 bxc3 12. bxc3 c4 13. Nf1 Na6 14. Ng3 Nc7 15. Qc2 Qa6 16. a4 Qa5 17. Kf2 Rb8 18. Nf3 Ne7 19. f5 Rb3 20. Rhc1 Nc8 21. fxe6 (21. f6 $16) 21... Bxe6 (21... Nxe6 $14 22. Nd2 Ra3) 22. Nf5 $16 Kd7 23. Nd2 Rb6 24. Kg2 Rg8 25. Bf4 (25. Rf1 {simplifies} Ke8 26. Kh2 Bd7 27. Bf4) 25... g6 26. hxg6 (26. Nxh6 $6 Bxh6 27. Bxh6 Ne7 28. hxg6 Rxg6 $11) 26... Rxg6 27. Rh1 ({Better is} 27. Kh2) 27... Ne7 (27... Bxf5 $142 28. Qxf5+ Ne6) 28. Kf2 {[%emt 0:04:03] White is much more active.} (28. Nxh6 $2 Bxh6 29. Bxh6 (29. Rxh6 $2 Bf5 $19) 29... Bf5 $19) 28... Ng8 (28... Kc8 $16 29. Bf3 (29. Bxh6 $2 {is the wrong capture.} Bxf5 {[%mdl 64] Remove Defender} 30. gxf5 Rxh6 $19) 29... Bd7 30. Nd6+ Kb8) 29. Rab1 ({White should play} 29. Bf3 $18) 29... Ne8 (29... Kd8 $16 {is a better defense.} 30. Rxb6 axb6) 30. Rxb6 $18 axb6 31. Rb1 Kc8 $2 (31... Ne7 32. Nf1 Nc7) 32. Rb5 Qa7 33. Qb1 Qxa4 (33... Bd7 $142 34. Rxd5 Be6) 34. Rxb6 {[%emt 0:00:29] [#] Rb8+ would kill now.} Qa7 {[%emt 0:00:25] Wards off Rb8+} 35. Nd6+ Nxd6 36. exd6 Bd7 37. Qb4 {[%emt 0:01:29][%cal Od2c4] Black must now prevent Nxc4!} Nf6 38. Qc5+ Kd8 39. Qc7+ Qxc7 40. dxc7+ Ke7 (40... Ke8 $18 41. Rb8+ Ke7) 41. Bd6+ Ke8 42. Rb8+ {[%emt 0:00:11][%mdl 64] Skewer. A cool game by Urh.   Weighted Error Value: White=0.28 (precise) /Black=0.45} 1-0

[Event "European Women-ch 2023"]
[Site "Petrovac"]
[Date "2023.03.18"]
[Round "1.6"]
[White "Jarocka, Liwia"]
[Black "Javakhishvili, Lela"]
[Result "0-1"]
[ECO "B32"]
[WhiteElo "2181"]
[BlackElo "2443"]
[Annotator "TA"]
[PlyCount "102"]
[EventDate "2023.03.15"]
[EventType "swiss"]
[EventCountry "MNE"]
[SourceTitle "playchess.com"]
[Source "ChessBase"]
[SourceQuality "1"]
[TimeControl "40/5400+30:1800+30"]

1. e4 c5 2. Nf3 Nc6 3. d4 cxd4 4. Nxd4 e5 5. Nb5 d6 6. c4 Be6 7. N1c3 a6 8. Na3 g6 $1 {[%emt 0:00:39][%mdl 4] is recently more successful than 8...Be7. B32: Sicilian: Löwenthal and Kalashnikov Variations.} 9. Be3 Nf6 10. Be2 {[%emt 0:01:04] Inhibits Ng4.} Bg7 {[%emt 0:00:30] The position is equal.} 11. Nc2 O-O 12. f3 Rc8 13. Qd2 Nh5 14. O-O (14. g3 $5 ) 14... Nf4 15. Rfd1 {[%emt 0:06:20] [#]} Na5 $146 ({Predecessor:} 15... Qg5 16. Bf1 Na5 17. b3 b5 18. Kh1 bxc4 19. b4 Nc6 20. g3 Qh5 21. gxf4 exf4 {1-0 Alexakis,D (2470)-Avramidou,A (2249) Anogia Lasker Memorial 1st 2019 (1)}) 16. b3 $1 (16. Qxd6 $2 Qxd6 17. Rxd6 Nxe2+ 18. Nxe2 Nxc4 $19) 16... b5 17. Nd5 $1 ({Don't play} 17. Qxd6 bxc4 18. Qxd8 Rfxd8 19. Rxd8+ Rxd8 20. Bxc4 Nxc4 21. bxc4 Bxc4 $15) 17... bxc4 18. Bb6 c3 19. Qe1 (19. Qxf4 $14 exf4 20. Bxd8 Rcxd8 21. Bxa6 (21. Nxf4 Bc8 $14)) 19... Qg5 $11 {[%emt 0:00:23][%csl Gf4][%cal Rg5g2] The board is on fire.} (19... Nxe2+ $2 20. Qxe2 Qd7 21. Bxa5 $18) 20. Nxf4 exf4 21. Rxd6 (21. Qf2 $11) 21... Nb7 22. Rdd1 Nc5 $1 23. Qf2 $1 {[%emt 0:04:43] [#]} a5 24. Rac1 (24. Bc4 $1 $11) 24... Rc6 (24... a4 $5 25. bxa4 Nxa4 $17) 25. Bxc5 Rxc5 26. Nd4 Rfc8 (26... Rd8 $5 27. Nxe6 fxe6 28. Rxd8+ Qxd8 $15) 27. Nxe6 fxe6 28. Bc4 {[%emt 0:00:26] White is weak on the dark squares} Qe7 29. Rd3 Be5 30. Rcd1 R8c7 {[%emt 0:00:59] Prevents Rd7} 31. Qc2 Kg7 32. a4 h5 33. Kf1 Kh6 34. h3 ({Better is} 34. Rxc3 $1 $15 Bxc3 35. Qxc3) 34... R5c6 $2 (34... Rxc4 $1 $19 35. bxc4 Rxc4) 35. Qc1 $2 (35. Rxc3 $1 $11 {and White stays safe.} Bxc3 36. Qxc3) 35... Qb4 {[%emt 0:03:42] Threatens to win with ...Rxc4.} 36. Qc2 Qa3 $2 (36... Rxc4 $19 37. bxc4 Qxc4) 37. Rb1 $2 (37. Rxc3 $1 $11 {and White is okay.} Bxc3 38. Qxc3) 37... Rb6 38. Bb5 Rd6 39. Bc4 (39. Rxd6 {was forced.} Qxd6 40. Rd1) 39... Rxd3 40. Qxd3 Rc6 {[%emt 0:00:00] ...Rd6 is the strong threat.} 41. Qe2 Rd6 $1 42. Rd1 {[%emt 0:07:57] Against Rd2} (42. Bd3) 42... Rxd1+ $2 (42... Qb2 43. Rxd6 c2) 43. Qxd1 $19 {[%emt 0:00:04][%mdl 4096] Endgame KQB-KQB} Qb2 44. Bd3 {[%emt 0:00:13] [#] Inhibits c2.} Bd4 $1 45. Qc2 {[%emt 0:00:36] Dodges Qf2+} Qa1+ 46. Qb1 {[%emt 0:00:16] [#]} Qa3 {[%emt 0:00:06] White must now prevent ...Bb6. Black has more active pieces.} 47. e5 $2 (47. Ke2 $17) 47... Bb6 {[%emt 0:02:44] And now ...Qc5 would win.} ({Not} 47... Bxe5 48. Bxg6 Qb2 49. Be4 $15) 48. Ke1 (48. Ke2 $142 Qc5 49. Qc1 Qf2+ 50. Kd1 c2+ 51. Qxc2 Qg1+ 52. Ke2 Qf2+ 53. Kd1 Qg1+ 54. Ke2 Qxg2+ 55. Ke1 Qg3+ 56. Ke2 Qh2+ 57. Kf1 Qg1+ 58. Ke2 Qh2+ 59. Kf1 Qh1+ 60. Ke2 Qh2+) 48... Qc5 {[%emt 0:00:21] ( -> ...Qf2+)} 49. Qc2 {[%emt 0:00:28] Prevents Qf2+.} Qe3+ ({Weaker is} 49... Qxe5+ 50. Kd1 $17) 50. Be2 Qf2+ 51. Kd1 Qg1+ {[%emt 0:00:07] A cool game by Javakhishvili.   Weighted Error Value: White=0.59/Black=0.35} 0-1

[Event "European Women-ch 2023"]
[Site "Petrovac"]
[Date "2023.03.18"]
[Round "1.6"]
[White "Koridze, Lile"]
[Black "Maltsevskaya, Aleksandra"]
[Result "0-1"]
[ECO "E91"]
[WhiteElo "2122"]
[BlackElo "2388"]
[Annotator "TA"]
[PlyCount "80"]
[EventDate "2023.03.15"]
[EventType "swiss"]
[EventCountry "MNE"]
[SourceTitle "playchess.com"]
[Source "ChessBase"]
[SourceQuality "1"]
[TimeControl "40/5400+30:1800+30"]

1. d4 Nf6 2. c4 g6 3. Nc3 Bg7 4. e4 d6 5. Nf3 O-O 6. Be2 Na6 7. Bf4 Qe8 {[%emt 0:07:25][%cal Oe7e5] E91: King's Indian: Classical: 6 Be2, unusual replies including 6...c5 and 6...Bg4.} 8. O-O ({White should play} 8. e5 $16 Nd7 9. exd6) 8... e5 $14 9. dxe5 Nh5 {[%emt 0:00:08][%csl LRe5,LRf4] White has an edge.} 10. Be3 dxe5 {[%emt 0:00:08] [#]} 11. Qc1 $146 ({Predecessor:} 11. c5 Nf4 12. a3 b6 13. b4 Bb7 14. Rc1 Rd8 15. Qc2 Nxe2+ 16. Qxe2 f5 17. c6 {1-0 Aloma Vidal,R (2388)-Stiri,A (2149) Athens Acropolis op 2008 (6)}) 11... c6 12. Rb1 Qe7 13. Rd1 Re8 14. b4 {[%emt 0:20:59][%mdl 64] [#] Deflection} Nxb4 15. c5 $1 a5 16. a3 Na6 17. Na4 Nf4 18. Bxf4 exf4 19. Nb6 {[%emt 0:01:47] A dynamic duo of knights.} Ra7 20. Qxf4 Be6 (20... Qxe4 $2 21. Qxe4 Rxe4 22. Rd8+ Bf8 23. Bxa6 $18) (20... Nxc5 $2 21. Qb8 Ra6 22. Nxc8 $18) 21. Bxa6 Rxa6 22. Qe3 a4 (22... Bf8 $5 ) 23. Rd6 Bg4 24. h3 Bxf3 25. Qxf3 (25. gxf3 $5 Be5 26. Rdd1 $14) 25... Ra5 26. Rd7 Qe6 27. Rxb7 Rxc5 28. Nxa4 Rc4 29. Qb3 Bd4 (29... Rxe4 {simplifies} 30. Qxe6 R4xe6 31. Rb8 Bf8) 30. Rb4 (30. Rd1 $11 {keeps the balance.}) 30... Rxb4 $1 $17 31. Qxb4 (31. axb4 $17 Qxe4 32. Nc5) 31... Qxe4 $19 {[%emt 0:00:08] And now ...Qf4 would win.} 32. Rd1 $2 {[%emt 0:00:20] [#]} (32. Rf1) 32... Bxf2+ $1 {[%emt 0:00:08][%mdl 576] Decoy} 33. Kh1 Qc2 34. Rf1 Bg3 {[%emt 0:10:58] Inhibits Qf4.} (34... Qe2 $142 35. Rc1 Re3 36. Qb8+ Kg7 37. Qb2+ Qxb2 38. Nxb2 Rxa3) 35. Nb6 Re4 $40 {[%emt 0:02:30][%mdl 128] Black goes for the king.} 36. Qa5 (36. Qb1 $19 Re2 37. Qxc2 Rxc2 38. a4) 36... Qe2 (36... Qd3 $142 37. Rg1 Bf4 38. Nd7 Qxd7 39. Ra1 Re3 40. Re1 Bc7 41. Qb4 Qd6 42. Kg1 Qxb4 {[%mdl 64] Remove Defender} 43. axb4 Rxe1+ 44. Kf2 Re4 45. h4 Rxh4 46. Ke2 Rxb4 47. Ke3 Rg4 48. Kf2 c5 49. Kf1 c4 50. Kf2 c3 51. Ke3 c2 52. Kd2 Rxg2+ 53. Kc3 c1=Q+ 54. Kd4 Rd2+ 55. Ke4 Qe1+ 56. Kf3 Qe2#) 37. Rg1 Rh4 {[%emt 0:00:41] Black mates.} 38. Qa8+ Kg7 {[%emt 0:00:06] Active counter play!} 39. Qc8 f5 40. Qd7+ Kh6 {[%emt 0:00:00] Weighted Error Value: White=0.48/Black=0.27 (precise)} 0-1

[Event "European Women-ch 2023"]
[Site "Petrovac"]
[Date "2023.03.18"]
[Round "1.6"]
[White "Manova, Ivana"]
[Black "Krasteva, Beloslava"]
[Result "0-1"]
[ECO "B80"]
[WhiteElo "1923"]
[BlackElo "2292"]
[Annotator "TA"]
[PlyCount "56"]
[EventDate "2023.03.15"]
[EventType "swiss"]
[EventCountry "MNE"]
[SourceTitle "playchess.com"]
[Source "ChessBase"]
[SourceQuality "1"]
[TimeControl "40/5400+30:1800+30"]

1. e4 c5 2. Nf3 e6 3. g3 Nc6 4. Bg2 Nf6 5. Nc3 a6 6. d4 cxd4 7. Nxd4 Qc7 8. O-O d6 {[%emt 0:00:49] Recently 8...Nxd4 got a lot of attention.} 9. Bg5 {[%emt 0:18:17] B80: Sicilian Scheveningen: 6 g3 and 6 Be3, including English Attack.} Be7 10. Qd2 O-O {[%emt 0:05:35] [#]} 11. Rad1 $146 {[%emt 0:05:47] The position is equal.} ({Predecessor:} 11. Rae1 Nxd4 12. Qxd4 h6 13. Bc1 e5 14. Qd2 b5 15. Nd5 Nxd5 16. exd5 Bf5 17. c3 Rac8 18. Kh1 Qc4 {0-1 Kuttner,J (1107)-Boni,R (1879) LSS No Engine Cup 205 Preliminary 0 2020}) 11... Rd8 12. Kh1 h6 13. Nxc6 bxc6 14. Bxf6 Bxf6 15. f4 Rb8 16. b3 c5 17. Rf3 (17. f5 $11 {feels stronger.}) 17... Bb7 18. Rd3 c4 19. Re3 Rbc8 $36 {[%emt 0:10:50][%cal Bb8c8,Bc8d8,Bd8d5][%mdl 2080] ...cxb3 would be deadly. Black is really pushing.} 20. b4 {[%emt 0:00:38] [#]} d5 $1 21. exd5 exd5 {[%emt 0:00:38] ...d4 is the strong threat.} 22. Nxd5 {[%emt 0:11:07] [#]} (22. Ree1 $17 {keeps fighting.} d4 23. Ne4) 22... Rxd5 $1 $19 23. Bxd5 {[%emt 0:00:34] And now Bg2 would win.} Rd8 24. Kg1 $2 (24. Qg2 Qd7 25. a3) 24... Rxd5 25. Re8+ Kh7 26. Qe2 Rxd1+ {[%emt 0:00:34] Black mates.} 27. Qxd1 Qc6 28. Qe2 Bd4+ {[%emt 0:00:15] White did not feel at home in the position after the opening.   Weighted Error Value: White=1.04/Black=0.06 (flawless)} 0-1

[Event "European Women-ch 2023"]
[Site "Petrovac"]
[Date "2023.03.18"]
[Round "1.7"]
[White "Bulmaga, Irina"]
[Black "Pavlidou, Ekaterini"]
[Result "1-0"]
[ECO "B32"]
[WhiteElo "2438"]
[BlackElo "2178"]
[Annotator "TA"]
[PlyCount "76"]
[EventDate "2023.03.15"]
[EventType "swiss"]
[EventCountry "MNE"]
[SourceTitle "playchess.com"]
[Source "ChessBase"]
[SourceQuality "1"]
[TimeControl "40/5400+30:1800+30"]

1. e4 c5 2. Nf3 Nc6 3. d4 cxd4 4. Nxd4 e5 5. Nb5 d6 6. c4 Be6 7. Bd3 {[%emt 0:00:24] B32: Sicilian: Löwenthal and Kalashnikov Variations.} g6 {[%emt 0:02:37] is now more promising than 7...Be7.} 8. O-O a6 9. N5c3 {[%emt 0:00:00] White is slightly better.} Bg7 10. Nd5 Bxd5 11. cxd5 Nd4 12. Be3 Nf6 13. Nd2 O-O 14. a4 {[%emt 0:00:00] [#]} Nh5 $146 ({Predecessor:} 14... Nd7 15. a5 Nc5 16. Nc4 f5 17. Bxd4 exd4 18. exf5 Nxd3 19. Qxd3 Rxf5 20. Rae1 Qf8 {1-0 Cornette,M (2551)-Smith,S (2147) Olympiad-44 Chennai 2022 (1.2)}) 15. Re1 Rc8 16. g3 {[%emt 0:00:00] Dodges Nf4} a5 17. Ra3 Nf6 18. Nc4 Rc5 19. Nd2 ({White should try} 19. Ra2 $16) 19... Nd7 ({Black should play} 19... Rc8 $1 $11) 20. Bxd4 exd4 21. Nb3 Rc8 22. Bb5 Nc5 23. Nxc5 Rxc5 {[%emt 0:00:19] Black is weak on the light squares} 24. Rd3 Qb6 25. b3 Rfc8 (25... Rc3 $1 $11) 26. Bc4 $14 R5c7 27. h4 h6 28. h5 Kh7 29. Qg4 Qb4 30. Red1 {[%emt 0:00:40] White is more active.} Re8 31. Rf3 {[%emt 0:03:22][%cal Of3f7] [#] Rxf7! is the strong threat.} g5 $1 32. Rfd3 Kh8 33. Kg2 Rce7 (33... Rg8 $14) 34. Bb5 $16 Rxe4 {[%emt 0:01:04] [#]} (34... f5 $16 35. exf5 (35. Qxf5 Rf8 $16) 35... Rf8) 35. Qf3 $1 $18 R8e5 (35... R8e7 $2 36. Rc1 Re8 37. Bxe8 Rxe8 38. Qxf7 $18) (35... g4 36. Qf5 R4e5 37. Qxg4 (37. Qxf7 Rf8 $11) 37... Rf8) 36. Qxf7 $2 (36. Rc1 {Threatening mate with Rc8+.} Re8 37. Bxe8 Rxe8 38. Qxf7) 36... Re1 $2 (36... Qc5) 37. Rxd4 ({Not} 37. Qxb7 Rf5 $16) 37... Qc3 38. Rc4 (38. Qxb7 Rf5 39. Qb8+ (39. Rxe1 $2 Qxe1 40. Qc8+ Rf8 $19) 39... Rf8 $19) 38... Qxc4 {[%emt 0:01:03] Weighted Error Value: White=0.22 (precise) /Black=0.22 (precise)} 1-0

[Event "European Women-ch 2023"]
[Site "Petrovac"]
[Date "2023.03.18"]
[Round "1.7"]
[White "Beydullayeva, Govhar"]
[Black "Tsirulnik, Maritsa"]
[Result "1-0"]
[ECO "D37"]
[WhiteElo "2388"]
[BlackElo "2121"]
[Annotator "TA"]
[PlyCount "81"]
[EventDate "2023.03.15"]
[EventType "swiss"]
[EventCountry "MNE"]
[SourceTitle "playchess.com"]
[Source "ChessBase"]
[SourceQuality "1"]
[TimeControl "40/5400+30:1800+30"]

1. d4 Nf6 2. c4 e6 3. Nf3 d5 4. Nc3 Nbd7 5. Bf4 Bb4 6. e3 c5 {[%emt 0:01:47] D37: Queen's Gambit Declined: 5 Bf4.} 7. Qc2 {[%emt 0:14:09] 7.Be2 is the modern continuation.} O-O 8. Bd3 (8. a3 $142 Bxc3+ 9. bxc3) 8... dxc4 {[%emt 0:05:55] Black has an edge.} 9. Bxc4 cxd4 10. exd4 {[%emt 0:00:23] [#]} a6 $146 ({Predecessor:} 10... Nb6 11. Bd3 Nbd5 12. Bd2 b6 13. O-O Bb7 14. Nxd5 Bxd2 15. Nxf6+ Qxf6 16. Nxd2 Rac8 17. Qa4 Qf4 18. Rad1 Rfd8 19. Nb3 Bxg2 {½-½ Rabah,R-Kneoo,K (2039) LIB-ch Beirut 2003 (8)}) 11. O-O b5 12. Bd3 Be7 13. Ng5 g6 14. h4 Bb7 15. Qe2 Nb6 16. Be5 b4 17. Nd1 Nbd5 ({But not} 17... Qd5 18. Ne3 Qd8 19. Rac1 $11) 18. Ne3 h6 19. Nf3 (19. Nh3 $11) 19... Nxe3 $15 20. fxe3 Ne4 (20... Ng4 $15) 21. h5 g5 22. Rac1 f6 23. Bh2 Bd6 {[%emt 0:00:19] Against Rc7} 24. Bxd6 Qxd6 25. Bxe4 Bxe4 26. Nd2 Bb7 27. Rc5 a5 28. Rfc1 Rf7 (28... f5 {looks sharper.} 29. Nc4 Qg3 30. Qf2 Qg4) 29. Nc4 Qd8 30. Qd3 Rg7 {[%emt 0:00:14] Dodges Qg6} 31. Nd2 (31. e4 $16) 31... f5 $11 32. Nc4 g4 33. Qf1 $1 Qh4 {[%emt 0:00:39] aiming for ...g3.} 34. Qf4 {[%emt 0:00:34] Prevents g3. Nd6 is the strong threat.} Qxh5 35. Rc7 {[%emt 0:01:12] Active counter play!} Bd5 $2 (35... Rxc7 $11 {and Black is okay.} 36. Qxc7 Be4) 36. Rxg7+ $1 $18 {[%emt 0:01:13] White is clearly winning.} Kxg7 37. Qe5+ $1 ({Less strong is} 37. Nb6 Ra7 $16) 37... Kg8 {[%emt 0:00:09] [#] ...Rc8 would be deadly.} 38. Nb6 {[%emt 0:00:05][%csl LRa8,LRd5][%cal Bc4b6,Bb6d7,Bd7f8][%mdl 32] Against Rc8. Black must now prevent Rc7.} Rf8 {[%emt 0:00:57] [#]} 39. Nd7 $1 {[%emt 0:00:56] White wants to mate with Nf6+.} Qh4 {[%emt 0:00:56] Repels Nf6+} (39... g3 $142 40. Qxg3+ Qg4 41. Qxg4+ fxg4 42. Nxf8 Kxf8) 40. Nxf8 g3 {[%emt 0:00:00] [#]} 41. Qh8+ $3 {[%emt 0:00:50][%mdl 512] Beautiful play by Beydullayeva!   Weighted Error Value: White=0.13 (very precise) /Black=0.34} 1-0

[Event "European Women-ch 2023"]
[Site "Petrovac"]
[Date "2023.03.18"]
[Round "1.7"]
[White "Kulon, Klaudia"]
[Black "Silva, Mariana Sofia T."]
[Result "1-0"]
[ECO "B11"]
[WhiteElo "2290"]
[BlackElo "1920"]
[Annotator "TA"]
[PlyCount "129"]
[EventDate "2023.03.15"]
[EventType "swiss"]
[EventCountry "MNE"]
[SourceTitle "playchess.com"]
[Source "ChessBase"]
[SourceQuality "1"]
[TimeControl "40/5400+30:1800+30"]

1. e4 c6 2. Nf3 d5 3. Nc3 Bg4 4. h3 Bxf3 5. Qxf3 e6 6. d3 Bc5 {[%emt 0:05:21] B11: Caro-Kann: Two Knights Variation.} 7. Bd2 Nd7 8. O-O-O d4 {[%emt 0:07:58] The position is equal.} 9. Ne2 Ngf6 10. g4 {[%emt 0:01:51][%cal Bg2g4,Bg4g5][%mdl 32] [#]} Qb6 $146 ({Predecessor:} 10... h6 11. h4 h5 12. g5 Ng4 13. Bh3 g6 14. Qg3 a5 15. Bxg4 hxg4 16. Qxg4 Qe7 {1-0 Lillo Castany,V (2315)-Cervello Tost,F (2065) Catalunya-chT 2014 (5.4)}) 11. g5 Ng8 12. h4 Ne7 13. Bh3 Bd6 14. h5 c5 15. Bf4 Qc7 16. Kb1 Rf8 17. Qg3 Bxf4 18. Nxf4 e5 19. Ne2 O-O-O 20. c3 {[%emt 0:03:15] White is more active.} Kb8 21. cxd4 cxd4 22. Rc1 Qd6 23. Bf5 Nxf5 24. exf5 Nb6 25. Qf3 Nd5 26. Ng3 (26. h6 $5 g6 27. f6 $11) 26... Rc8 27. Ne4 Qb6 28. Rc4 Nc3+ 29. Nxc3 dxc3 30. b3 Rfd8 31. Rc1 Rxc4 32. dxc4 $11 {[%emt 0:00:01][%mdl 4096] Endgame KQR-KQR} Rd2 33. Qxc3 Qd4 34. Qxd4 exd4 $14 {[%emt 0:00:01] KR-KR} 35. Re1 Rxf2 36. Re8+ Kc7 37. Re7+ Kc6 38. Rxf7 d3 {[%emt 0:00:33] ( -> ...Rf1+)} 39. Kc1 {[%emt 0:00:09] Strongly threatening g6.} (39. Rxg7 Rf1+ 40. Kb2 d2 41. Re7 d1=Q 42. Re6+ Kd7 43. Kc3 Rf2) 39... Kc5 $1 40. Rd7 {[%emt 0:00:00] g6 is the strong threat.} (40. Rxg7 $2 Kb4 41. Kd1 (41. Rxh7 $2 Kc3 42. Re7 Rf1+) 41... Kc3 $19) (40. Rxb7 $2 Kd4 41. Kd1 (41. Rxg7 $2 Kc3 42. Re7 Rf1+) 41... Kc3 $19) 40... Rxf5 (40... Kb4 $1 $11 {keeps the balance.} 41. Rxd3 (41. Rxb7+ $2 Kc3 42. Re7 Rf1+) 41... Rxf5) 41. Kd2 $16 (41. Rxd3 $6 Rxg5 42. h6 gxh6 $11) (41. Rxb7 $2 Kd4 42. Kb2 (42. Rxa7 $2 Kc3 43. Re7 Rf1+) 42... Rf2+ 43. Ka3 d2 $19) 41... Rxg5 42. Rxb7 {[%emt 0:01:18] aiming for Rb5+.} (42. Rxd3 $6 a6 $11) 42... Kd4 (42... a6 $16 {is a better defense.}) 43. Rd7+ $18 (43. Rxa7 $2 Rg2+ 44. Ke1 d2+ 45. Kf1 (45. Kd1 $2 Kc3 $19) 45... d1=Q+ $19) 43... Ke4 44. Kc3 (44. Rxd3 $6 Rxh5 45. Rd7 g5 $11) (44. Rxa7 Rg2+ 45. Kc3 Rc2+ 46. Kb4 d2 47. Re7+ Kf4 48. Rf7+ Ke4 49. Re7+ Kd3 50. Rd7+ Ke2 51. Re7+ Kf3 52. Rf7+ Ke4 53. Re7+ $15) 44... a5 (44... Rxh5 45. Re7+ (45. Rxd3 g5 $11) (45. Rxg7 d2 $16) 45... Kf5) 45. Rd4+ ({Not} 45. Rxd3 Rxh5 46. Rd4+ Kf3 $14) 45... Kf3 46. Kxd3 (46. Rxd3+ $142 Ke4 47. Rd4+ Ke3 48. Rd5) 46... Rxh5 47. Rd5 Rh1 48. c5 $1 {[%emt 0:00:42] Threatens to win with Kc4.} ({Don't play} 48. Rxa5 $6 h5 $14) 48... h5 $2 (48... Rc1 49. Kd2 Ke4) 49. c6 {[%emt 0:00:46][%cal Od3c2] And now Kc2! would win.} Rc1 50. Rxh5 ({Inferior is} 50. Rxa5 g6 $11) 50... Rxc6 {[%emt 0:00:35] [#]} 51. Rxa5 (51. Rf5+ $1 $18 Kg4 52. Rxa5) 51... Kf4 (51... Rd6+ $16 52. Kc4 Rc6+ 53. Kd4 Rd6+ 54. Ke5 Rd7) 52. Ra7 (52. b4 $18) 52... g5 $16 {[%emt 0:00:17] [#]} 53. b4 (53. a4 $1 $16) 53... g4 $2 {[%emt 0:00:36] Loses the game.} (53... Rd6+ $11 54. Ke2 Rb6) 54. Rf7+ $18 Kg3 $2 (54... Ke5) 55. b5 Rc1 56. b6 {[%emt 0:00:29] White mates.} Rb1 57. b7 Kh2 58. a4 g3 59. Rh7+ Kg1 60. a5 g2 61. a6 Kf2 62. Rf7+ Kg3 63. Rg7+ Kf2 {[%emt 0:00:05] [#]} 64. Rxg2+ $3 {[%emt 0:00:17][%mdl 576] Promotion} Kxg2 65. a7 {[%emt 0:00:02] Weighted Error Value: White=0.15 (very precise) /Black=0.33} 1-0

[Event "European Women-ch 2023"]
[Site "Petrovac"]
[Date "2023.03.18"]
[Round "1.8"]
[White "Lach, Aleksandra"]
[Black "Stefanova, Antoaneta"]
[Result "1/2-1/2"]
[ECO "C27"]
[WhiteElo "2170"]
[BlackElo "2435"]
[Annotator "TA"]
[PlyCount "83"]
[EventDate "2023.03.15"]
[EventType "swiss"]
[EventCountry "MNE"]
[SourceTitle "playchess.com"]
[Source "ChessBase"]
[SourceQuality "1"]
[TimeControl "40/5400+30:1800+30"]

1. e4 e5 2. Bc4 Nf6 3. d3 Bc5 4. Nc3 c6 5. Qf3 b5 6. Bb3 {[%emt 0:01:48] C27: Vienna Game: 2...Nf6 3 Bc4 Nxe4.} a5 {[%emt 0:00:07] White must now prevent ...a4.} 7. a4 b4 8. Nd1 ({Avoid the trap} 8. Qg3 $2 bxc3 9. Qxe5+ (9. Qxg7 $2 {perishes.} Rf8 $19) 9... Be7 10. bxc3 d5 $19) 8... d5 9. Bg5 {[%emt 0:08:29] [#]} Be6 $146 ({Predecessor:} 9... d4 10. Ne2 Be7 11. h3 Nbd7 12. Ng3 g6 13. Nf1 Nc5 14. Bc4 h6 15. Bc1 b3 16. cxb3 {0-1 Herb,P (2335)-Skembris,S (2475) Naujac op 02nd 1999 (4)}) 10. Bxf6 gxf6 (10... Qxf6 $11 11. exd5 cxd5) 11. exd5 cxd5 12. Ne3 Nc6 {[%emt 0:08:33] [#] Strongly threatening ...Nd4.} 13. Ne2 Bxe3 14. fxe3 Rg8 15. Ng3 (15. O-O-O $16) 15... Rg6 16. O-O Rc8 17. c3 bxc3 18. bxc3 Ne7 {[%emt 0:00:32] [#]} 19. c4 $1 e4 {[%emt 0:04:26][%mdl 64] Deflection} 20. dxe4 dxc4 21. Bc2 Nc6 22. Nh5 Nb4 $1 23. Qf2 (23. Nxf6+ $2 {too greedy.} Qxf6 24. Qxf6 Rxf6 25. Rxf6 Nxc2 $19) 23... Nxc2 24. Qxc2 c3 25. Nf4 Rg5 26. Rab1 Qd2 27. Qxd2 cxd2 28. Nxe6 fxe6 $11 {[%emt 0:00:02][%mdl 4096] Endgame KRR-KRR} 29. Rbd1 Re5 30. Rxd2 Rxe4 (30... Ke7 $5 ) 31. Rxf6 Rxe3 32. Rh6 $1 Rc7 33. Rh5 Ra7 34. Kf2 {[%emt 0:00:18] White is more active.} (34. Rb2 $14 Kf8 35. Rf2+ Ke8 36. Rf4) 34... Re4 {[%emt 0:00:39] The position is equal.} 35. Re2 Rf7+ 36. Ke1 Rxa4 37. Rxe6+ Kf8 38. Ree5 Ra1+ 39. Ke2 Ra2+ 40. Ke3 Rxg2 41. Rxa5 Rg6 42. Raf5 {[%emt 0:04:55] Weighted Error Value: White=0.07 (flawless) /Black=0.07 (flawless)} 1/2-1/2